Map: Amygdala

Players

Neytle

  • Race: Terran Terran
  • League: Diamond
  • Spawn Location: 1:00

JazzLighter - Winner!

  • Race: Zerg Zerg
  • League: Platinum
  • Spawn Location: 7:00

VOD

Have the link to the VOD?

Description

Time

  • Played on: April 18, 2025, 10:27 a.m.
  • Length: 5:55
Show
View Real Time Build Order
Export as new Build Order

Neytle Terran 

Build Orders:  

Get SALT Encoding   

  12  0:00  SCV  
  13  0:12  SCV  
  14  0:17  Supply Depot  
  14  0:24  SCV  
  15  0:39  SCV  
  15  0:40  Barracks  
  16  0:51  SCV  
  17  1:03  SCV  
  18  1:15  Command Center  
  18  1:17  SCV  
  19  1:27  Marine  
  19  1:29  Supply Depot  
  19  1:30  SCV  
  21  1:43  SCV  
  21  1:45  Marine  
  23  1:47  Barracks  
  23  1:55  SCV  
  24  2:03  Marine  
  24  2:06  Barracks  
  25  2:14  SCV  
  26  2:20  Marine  
  27  2:26  SCV  
  27  2:27  Orbital Command  
  28  2:35  Marine  
  29  2:38  Orbital Command, Marine  
  30  2:53  Marine x2  
  30  2:55  SCV  
  30  2:56  Marine  
  34  3:03  SCV  
  35  3:07  SCV  
  35  3:08  Refinery  
  35  3:10  Marine x2  
  35  3:11  Refinery  
  38  3:14  Marine  
  38  3:15  SCV  
  38  3:19  SCV  
  41  3:27  SCV  
  41  3:28  Marine x2  
  41  3:31  SCV  
  41  3:32  Marine  
  41  3:45  SCV  
  41  3:46  Marine x2, SCV  
  44  3:49  Marine  
  44  3:51  Command Center  
  45  3:57  SCV  
  45  3:59  Engineering Bay  
  45  4:02  Engineering Bay  
  46  4:07  Barracks  
  46  4:08  Supply Depot  
  46  4:09  Barracks, Supply Depot  
  46  4:15  Marine x2  
  46  4:16  Marine  
  46  4:33  Marine x2  
  48  4:39  Marine  
  48  4:41  SCV  
  48  4:42  SCV  
  51  4:48  Supply Depot  
  42  4:53  SCV  
  43  5:04  Marine x3  
  45  5:14  Barracks Tech Lab  
  45  5:15  Barracks Tech Lab  
  45  5:19  SCV  
  44  5:22  Marine x3  
  44  5:27  Supply Depot  
  47  5:32  Barracks  
  47  5:38  Barracks  
Show
View Real Time Build Order
Export as new Build Order

JazzLighter Zerg - Winner!

Build Orders: Hatch First, Zergling Baneling 

Get SALT Encoding   

  12  0:01  Drone  
  13  0:13  Overlord  
  13  0:17  Drone  
  14  0:32  Drone x2  
  16  0:36  Drone  
  17  0:53  Hatchery  
  17  0:55  Extractor  
  15  1:06  Spawning Pool  
  15  1:08  Drone  
  15  1:12  Drone  
  16  1:21  Drone x2  
  18  1:31  Drone  
  19  1:43  Overlord  
  19  1:55  Queen, Baneling Nest  
  19  1:58  Zergling x2  
  21  2:04  Zergling x2  
  22  2:11  Zergling x2  
  23  2:15  Metabolic Boost  
  23  2:20  Overlord  
  23  2:26  Zergling x4  
  25  2:36  Zergling x4  
  27  2:53  Zergling x6  
  30  3:01  Queen  
  30  3:05  Zergling x4  
  31  3:22  Baneling x5  
  31  3:25  Zergling x2  
  31  3:33  Zergling x8  
  29  3:45  Zergling x2  
  29  3:46  Zergling x6  
  29  3:47  Baneling  
  29  3:48  Baneling  
  33  3:53  Zergling x2  
  34  4:05  Zergling x4  
  30  4:22  Baneling  
  30  4:23  Baneling x3  
  29  4:24  Zergling x2  
  29  4:25  Zergling x6  
  29  4:28  Baneling x2  
  29  4:30  Zergling x4  
  35  4:34  Zergling x2  
  36  4:40  Zergling x2  
  36  4:41  Zergling x2  
  33  5:03  Zergling x2  
  33  5:04  Zergling x10  
  33  5:06  Baneling  
  33  5:07  Baneling x2  
  37  5:09  Baneling  
  37  5:13  Baneling  
  37  5:14  Baneling  
  37  5:17  Zergling x2  
  37  5:20  Zergling x2  
  39  5:36  Zergling x4  
Tags
 
Matchup
ЗvТ
Spawn Locations
Cross Positions
Add a new tag
Caveats
  • Supply blocks, unpowered buildings, or Contaminate may cause inaccurate times.
  • Supply counts are checked every 10 seconds.